 Dungeon Crawl Stone Soup version 0.23.2-33-g5129a83184 (webtiles) character file.

Game seed: 17240057148296962517

7009 Cykl0x the Carver (level 11, -2/84 HPs)
             Began as a Formicid Fighter on Aug 8, 2019.
             Was an Elder of Makhleb.
             Slain by a meliai
             ... wielding a +0 war axe
              (9 damage)
             ... on level 10 of the Dungeon.
             The game lasted 00:24:50 (9899 turns).

Cykl0x the Carver (Formicid Fighter)                Turns: 9899, Time: 00:24:50

Health: -2/84      AC: 18    Str: 24    XL:     11   Next: 29%
Magic:  16/16      EV:  5    Int:  8    God:    Makhleb [****..]
Gold:   1117       SH: 14    Dex: 10    Spells: 10/10 levels left

rFire    . . .     SeeInvis +   G - +5 scimitar
rCold    . . .     Gourm    .   c - +2 shield
rNeg     . . .     Faith    .   i - +0 crystal plate armour
rPois    .         Spirit   .   (helmet unavailable)
rElec    .         Reflect  .   (no cloak)
rCorr    .         Harm     .   (no gloves)
MR       +....                  (no boots)
Stlth    ..........             (no amulet)
HPRegen  0.24/turn              (no ring)
MPRegen  0.15/turn              r - ring of flight

@: no status effects
A: permanent stasis, dig shafts and tunnels, four strong arms, antennae 3
a: Dig, Shaft Self, Minor Destruction, Lesser Servant of Makhleb, Major
Destruction, Renounce Religion, Evoke Flight


You were on level 10 of the Dungeon.
You worshipped Makhleb.
Makhleb was greatly pleased with you.
You were hungry.

You visited 2 branches of the dungeon, and saw 11 of its levels.
You also visited: Sewer and Bailey.

You collected 1117 gold pieces.

Inventory:

Hand Weapons
 a - a +4 long sword of venom
 u - a +0 spear
 G - a +5 scimitar (weapon)
Missiles
 e - 339 stones
 l - 17 tomahawks
 F - 4 javelins (quivered)
Armour
 b - a +0 scale mail
 c - a +2 shield (worn)
 i - a +0 crystal plate armour (worn)
 s - a +1 plate armour
Jewellery
 r - a ring of flight (right hand)
 y - the ring "Onadycaz" {rPois rF+ Stlth-, unknown}
   (You found it on level 9 of the Dungeon)

   [ring of attention]

   It protects you from fire.
   It protects you from poison.
   It makes you less stealthy.
Wands
 k - a wand of acid (7)
 p - a wand of flame (48)
 w - a wand of clouds (5)
Scrolls
 d - a scroll of fog
 n - 2 scrolls of fear
 v - a scroll of remove curse
 B - a scroll of identify
 D - a scroll of amnesia
 E - a scroll of immolation
Potions
 g - a potion of resistance
 h - 2 potions of invisibility
 j - 2 potions of agility
 m - 5 potions of flight
 q - 2 potions of lignification
 t - a potion of brilliance
 x - 3 potions of degeneration {unknown}
 z - a potion of mutation
 A - a potion of cancellation {unknown}
Comestibles
 f - 20 rations
 C - 3 chunks of flesh


   Skills:
 + Level 7.2 Fighting
 + Level 9.6 Long Blades
 + Level 1.8 Throwing
 + Level 7.8 Armour
 + Level 3.2 Dodging
 + Level 0.5 Stealth
 + Level 9.4 Shields
 * Level 7.7 Invocations


You had 10 spell levels left.
You didn't know any spells.
Your spell library contained the following spells:

 Spells                   Type           Power        Failure   Level  Hunger
 Sting                    Conj/Pois      #...         100%        1    ##.....
 Poisonous Vapours        Pois/Air       #.....       100%        2    ###....
 Mephitic Cloud           Conj/Pois/Air  #.......     100%        3    ####...
 Olgreb's Toxic Radiance  Pois           #.......     100%        4    #####..
 Venom Bolt               Conj/Pois      #.........   100%        5    ######.


Dungeon Overview and Level Annotations

Branches:
Dungeon (10/15)            Temple (1/1) D:4
   Lair: D:8-11         Orc: D:9-12

Altars:
Ashenzari
Cheibriados
Dithmenos
Elyvilon
Fedhas
Gozag
Hepliaklqana
Kikubaaqudgha
Makhleb
Nemelex Xobeh
Okawaru
Qazlal
Ru
Sif Muna
Trog
Uskayaw
Vehumet
Wu Jian
Xom
Yredelemnul
Zin
The Shining One


Innate Abilities, Weirdness & Mutations

You cannot be hasted, slowed, berserked, paralysed or teleported.
You can dig through walls and to a lower floor.
Your four strong arms can wield two-handed weapons with a shield.
You have a pair of large antennae on your head. (SInv)


Message History

You slash the meliai!
The meliai is moderately wounded.
You feel very sick. The meliai hits you with a +0 war axe!
You block the meliai's attack.
The meliai mumbles some strange prayers to its god against you.
Something smites you!
* * * LOW HITPOINT WARNING * * *
You feel better.
The meliai invokes the aid of its god against you.
Something smites you!
* * * LOW HITPOINT WARNING * * *
You block the meliai's attack. The meliai barely misses you.
You miss the meliai.
The meliai is moderately wounded.
You block the meliai's attack.
The meliai stings you but does no damage.
You hit the meliai.
The meliai is moderately wounded.
You block the meliai's attack. The meliai stings you!
You die...

##.#
#.###.#.#.###..###.
#)## #...#.#.#. #..
. ##.#
#.###.###.###.
##### #...).......
....###...........
........###.###.##
###.##..#.#.#
##.#.#.#.#.
#.@y......
##........
#........ #........
'........ #........
#########


You could see a meliai.

Vanquished Creatures
  A two-headed ogre (D:10)
  The ghost of loralnil the Covered, a novice GrFi (D:5)
  A centaur skeleton (D:10)
  The ghost of Ulv the Skirmisher, a novice GnWn of Hepliaklqana (D:4)
  A meliai (D:10)
  2 hippogriffs (D:9)
  Sigmund (D:5)
  A vampire (D:10)
  Grum (D:8)
  A hungry ghost (D:7)
  An orc warrior (D:10)
  A sky beast (D:10)
  3 ice beasts
  A phantom (D:5)
  A necrophage (D:5)
  2 centaurs
  4 wolves (D:8)
  2 ogres
  A big kobold (D:9)
  8 gnoll sergeants (Bailey)
  Blork the orc (D:5)
  4 bullfrogs
  2 scorpions
  9 wights
  5 howler monkeys
  2 crimson imps (D:5)
  A bullfrog skeleton (D:6)
  6 hounds
  6 gnoll shamans (Bailey)
  4 orc priests
  5 orc wizards
  2 iguanas
  A merfolk siren (Sewer)
  9 worker ants
  A merfolk avatar (Sewer)
  A killer bee zombie (D:6)
  A hound skeleton (D:4)
  14 gnolls (Bailey)
  11 adders
  2 river rats (Sewer)
  2 shadow imps
  3 oozes
  An adder skeleton (D:6)
  2 worms (D:2)
  2 dart slugs
  3 leopard geckos
  26 orcs
  2 ball pythons
  6 bats
  7 giant cockroaches
  12 goblins
  6 hobgoblins
  8 jackals
  3 quokkas
  9 frilled lizards
  6 kobolds
  A leopard gecko zombie (D:7)
  A quokka zombie (D:8)
  30 rats
252 creatures vanquished.

Notes
Turn   | Place    | Note
-------+----------+-------------------------------------------
     0 | D:1      | Cykl0x the Formicid Fighter began the quest for the Orb.
     0 | D:1      | Reached XP level 1. HP: 18/18 MP: 1/1
   142 | D:1      | Reached XP level 2. HP: 17/24 MP: 2/2
   359 | D:1      | Reached XP level 3. HP: 29/30 MP: 3/3
   946 | D:2      | Found a faded altar of an unknown god.
   980 | D:2      | Reached XP level 4. HP: 26/37 MP: 4/4
  1677 | D:3      | Reached XP level 5. HP: 42/42 MP: 5/5
  2212 | D:4      | HP: 2/42 [orc priest/+0 mace (4)]
  2214 | D:4      | Reached skill level 1 in Dodging
  2214 | D:4      | Reached XP level 6. HP: 3/48 MP: 6/6
  2216 | D:4      | Reached skill level 1 in Throwing
  2518 | D:4      | Found a runed translucent door.
  2525 | D:4      | Noticed Ulv's ghost (novice GnWn)
  2573 | D:4      | Killed Ulv's ghost
  2573 | D:4      | Reached skill level 5 in Shields
  2573 | D:4      | Reached XP level 7. HP: 10/55 MP: 7/7
  2850 | D:4      | Found an ornate altar of the Wu Jian Council.
  2945 | D:4      | Found a shadowy altar of Dithmenos.
  3149 | D:4      | Found a staircase to the Ecumenical Temple.
  3156 | Temple   | Entered the Ecumenical Temple
  3371 | Temple   | Became a worshipper of Makhleb the Destroyer
  3423 | D:4      | Found a radiant altar of Vehumet.
  3718 | D:5      | Entered Level 5 of the Dungeon
  3724 | D:5      | Found a glowing drain.
  3747 | Sewer    | Entered a sewer
  3779 | Sewer    | Reached skill level 5 in Armour
  3779 | Sewer    | Reached XP level 8. HP: 61/61 MP: 8/8
  3857 | Sewer    | Reached * piety under Makhleb
  3878 | Sewer    | Reached skill level 5 in Long Blades
  4312 | D:5      | Reached skill level 5 in Fighting
  4338 | D:5      | Noticed Blork the orc
  4345 | D:5      | Killed Blork the orc
  4432 | D:5      | Found a faded altar of an unknown god.
  4432 | D:5      | Found a stormy altar of Qazlal.
  4438 | D:5      | Found a bloodstained altar of Trog.
  4440 | D:5      | Found a basalt altar of Yredelemnul.
  4441 | D:5      | Found a faded altar of an unknown god.
  4496 | D:5      | Reached ** piety under Makhleb
  4496 | D:5      | Reached skill level 1 in Invocations
  4676 | D:5      | Found a runed translucent door.
  4676 | D:5      | Noticed loralnil's ghost (novice GrFi)
  4712 | D:5      | Killed loralnil's ghost
  4712 | D:5      | Reached XP level 9. HP: 53/69 MP: 9/11
  4898 | D:5      | Found a sparkling altar of Nemelex Xobeh.
  4919 | D:5      | Noticed Sigmund
  4933 | D:5      | Killed Sigmund
  5827 | D:7      | Found a glowing golden altar of the Shining One.
  5989 | D:7      | Reached skill level 5 in Invocations
  5989 | D:7      | Reached XP level 10. HP: 63/76 MP: 13/13
  6478 | D:8      | Found a flagged portal.
  6543 | Bailey   | Entered a bailey
  6748 | Bailey   | Reached *** piety under Makhleb
  6800 | Bailey   | Identified the +8 eveningstar "Iseuwub" {crush, rC+ MR-
                  | Dex+3}
  7540 | D:8      | Found a bloodstained altar of Trog.
  7547 | D:8      | Noticed Grum
  7577 | D:8      | Killed Grum
  8851 | D:9      | Got a shimmering iron ring
  8873 | D:9      | Reached **** piety under Makhleb
  8978 | D:9      | Found a shattered altar of Ashenzari.
  9360 | D:10     | Entered Level 10 of the Dungeon
  9430 | D:10     | Reached XP level 11. HP: 81/83 MP: 16/16
  9532 | D:10     | Noticed a two-headed ogre
  9544 | D:10     | Killed a two-headed ogre
  9899 | D:10     | Slain by a meliai

Skill      XL: |  1  2  3  4  5  6  7  8  9 10 11 |
---------------+----------------------------------+-----
Shields        | 4 5 6 7 8 9 |  9.4
Long Blades    | 3 4 6 7 8 9 |  9.6
Armour         | 4 5 6 7 |  7.8
Dodging        | 1 2 3 |  3.2
Throwing       | 1 |  1.8
Fighting       | 4 5 6 7 |  7.2
Invocations    | 3 5 7 |  7.7
Stealth        | |  0.5

Action                   |  1- 3 |  4- 6 |  7- 9 | 10-12 || total
-------------------------+-------+-------+-------+-------++-------
Melee: Long sword        |   116 |   143 |   432 |   432 ||  1123
       Scimitar          |       |       |       |    45 ||    45
Throw: Tomahawk          |       |     5 |     5 |     2 ||    12
       Javelin           |       |       |       |     1 ||     1
 Abil: Dig               |       |     5 |    10 |     6 ||    21
  Use: Scroll            |    10 |     3 |     7 |     9 ||    29
       Potion            |       |     2 |     3 |     4 ||     9
  Eat: Chunk             |       |     6 |    12 |    13 ||    31
       Ration            |       |       |     1 |       ||     1
Armor: Scale mail        |    55 |    33 |    69 |       ||   157
       Plate armour      |       |       |    60 |    76 ||   136
       Crystal plate arm |       |       |       |   103 ||   103
Dodge: Dodged            |    46 |    30 |    99 |    70 ||   245
Block: Shield            |    77 |    65 |   245 |   350 ||   737
       Rpst.: Long sword |    15 |     9 |    29 |    13 ||    66
